[Event "Early-Titled-Tuesday-Blitz-February-13-2024"]
[Site "Chess.com"]
[Date "2024.02.13"]
[Round "7"]
[White "nfds"]
[Black "LuisFSiles"]
[Result "0-1"]
[WhiteElo "2476"]
[BlackElo "2268"]
[TimeControl "180+1"]
[EndTime "9:19:08 PST"]
[Termination "LuisFSiles won by resignation"]

1. d3 e5 2. Nf3 Nc6 3. Nc3 f5 4. g3 Nf6 5. Bg2 Bc5 6. O-O d6 7. Bg5 h6 8. Bxf6 Qxf6 9. Nd5 Qf7 10. Nd2 Be6 11. c4 a5 12. Qb3 Nd4 13. Qxb7 Nxe2+ 14. Kh1 O-O 15. Nb3 Ra7 16. Nxc5 Rxb7 17. Nxb7 f4 18. Be4 c6 19. Nxd6 Qd7 20. Nc3 Nxc3 21. bxc3 Qxd6 22.
Rfe1 f3 23. Rad1 Qd7 24. Rd2 Qf7 25. h4 Qh5 26. Kh2 Qg4 0-1

[Event "Early-Titled-Tuesday-Blitz-February-13-2024"]
[Site "Chess.com"]
[Date "2024.02.13"]
[Round "7"]
[White "EsmeraldasAnderson03"]
[Black "C_K_G"]
[Result "1-0"]
[WhiteElo "2401"]
[BlackElo "2130"]
[TimeControl "180+1"]
[EndTime "9:19:16 PST"]
[Termination "EsmeraldasAnderson03 won on time"]

1. d4 d5 2. c4 e6 3. cxd5 exd5 4. Nc3 Nf6 5. Bg5 Be7 6. e3 O-O 7. Nf3 a6 8. Bd3 h6 9. Bh4 b6 10. O-O c5 11. dxc5 bxc5 12. Rc1 Be6 13. Bb1 Nbd7 14. Qc2 Re8 15. Rfd1 Nf8 16. Ne5 Qc7 17. Bg3 Bd6 18. Nd3 Bxg3 19. hxg3 Rac8 20. Ne2 N8d7 21. Nef4 Bf5 22. Qa4 c4 23. Nb4 Bxb1 24. Rxb1 Nc5 25. Qa3 Re5 26. Nbxd5 Nxd5 27. Nxd5 Qb7 28.
Nf4 Ne4 29. Rbc1 Rb5 30. Rc2 Ng5 31. Rdc1 Rbc5 32. Qa4 Qc7 33. Qxa6 c3 34. Rxc3 Rxc3 35. Rxc3 1-0

[Event "Early-Titled-Tuesday-Blitz-February-13-2024"]
[Site "Chess.com"]
[Date "2024.02.13"]
[Round "7"]
[White "gxbg2000"]
[Black "kikoveiga"]
[Result "0-1"]
[WhiteElo "2064"]
[BlackElo "2526"]
[TimeControl "180+1"]
[EndTime "9:19:16 PST"]
[Termination "kikoveiga won by resignation"]

1. e4 Nc6 2. d4 d5 3. e5 Bf5 4. c3 e6 5. Be3 f6 6. f4 Nh6 7. Nf3 Be7 8. Bd3 O-O 9. O-O fxe5 10. Nxe5 Nxe5 11. fxe5 Bxd3 12. Qxd3 Ng4 13. Bf4 Bg5 14.
Bxg5 Qxg5 15. Nd2 Ne3 16. Rxf8+ Rxf8 17. Qe2 Qf4 18. Nf3 Nf5 19. Rf1 Qe3+ 20. Qxe3 Nxe3 21. Rf2 h6 22. h3 b6 23. Re2 Nf5 24. Kf2 c5 25.
Rc2 cxd4 26. cxd4 Nxd4 27. Rc7 Nxf3 28. gxf3 Rf7 29. Rc6 Re7 30. Ke3 Kf7 31. f4 Kg6 32. Rc8 Rf7 33. Re8 Kf5 34. b4 g5 35. fxg5 hxg5 36.
a4 Kxe5 37. a5 Rh7 38. axb6 axb6 39. Rb8 Rxh3+ 40. Kf2 Rb3 41. Rxb6 g4 42. Rb8 Ke4 43. b5 e5 44. b6 d4 45. b7 g3+ 46. Kg2 d3 47. Kf1 Ke3 48. Kg2 d2 49. Rd8 Rxb7 50. Kxg3 Rb1 0-1

[Event "Early-Titled-Tuesday-Blitz-February-13-2024"]
[Site "Chess.com"]
[Date "2024.02.13"]
[Round "7"]
[White "romulocardoso"]
[Black "abeljusto"]
[Result "1-0"]
[WhiteElo "2361"]
[BlackElo "2055"]
[TimeControl "180+1"]
[EndTime "9:19:16 PST"]
[Termination "romulocardoso won by resignation"]

1. e4 e5 2. Nf3 Nc6 3. d4 exd4 4. Bc4 Nf6 5. e5 d5 6. Bb5 Ne4 7. Nxd4 Bc5 8. O-O Bd7 9. Bxc6 bxc6 10. f3 Ng5 11. f4 Ne4 12. Be3 O-O 13. Nd2 Nxd2 14.
Qxd2 Qe7 15. Nb3 Bxe3+ 16. Qxe3 f6 17. Nc5 fxe5 18. fxe5 Be6 19. Rae1 a5 20. Na4 Qb4 21. b3 d4 22. Qe4 Bd5 23. Qg4 Qd2 24. Nc5 Rxf1+ 25.
Rxf1 h5 26. Qg6 Qe3+ 27. Kh1 Qxe5 28. Nd7 Qe4 29. Nf6+ 1-0

[Event "Early-Titled-Tuesday-Blitz-February-13-2024"]
[Site "Chess.com"]
[Date "2024.02.13"]
[Round "7"]
[White "Sokoloco"]
[Black "Njal28"]
[Result "0-1"]
[WhiteElo "2795"]
[BlackElo "2994"]
[TimeControl "180+1"]
[EndTime "9:19:17 PST"]
[Termination "Njal28 won by checkmate"]

1. b3 Nf6 2. Bb2 d5 3. e3 c5 4. Nf3 a6 5. d4 Bg4 6. Be2 Nc6 7. O-O e6 8. Nbd2 Be7 9. Ne5 Bxe2 10. Qxe2 Rc8 11. dxc5 Bxc5 12. c4 O-O 13. Ng4 Be7 14.
Nxf6+ Bxf6 15. Bxf6 Qxf6 16. cxd5 exd5 17. Nf3 d4 18.
exd4 Nxd4 19. Nxd4 Qxd4 20. Rad1 Qb4 21. Rd7 Rcd8 22.
Rfd1 Rxd7 23. Rxd7 g6 24. g3 b5 25. h4 h5 26. Ra7 Qd6 27. a4 Qb6 28. Qe3 Qc6 29. Qf4 Qd5 30. Rxa6 Re8 31. Kh2 Re1 32. Qb8+ Kh7 33.
Qa8 Rh1# 0-1

[Event "Early-Titled-Tuesday-Blitz-February-13-2024"]
[Site "Chess.com"]
[Date "2024.02.13"]
[Round "7"]
[White "MKlose11"]
[Black "kushagramohan"]
[Result "0-1"]
[WhiteElo "2644"]
[BlackElo "2847"]
[TimeControl "180+1"]
[EndTime "9:19:19 PST"]
[Termination "kushagramohan won by resignation"]

1. e4 c6 2. Nc3 d5 3. g3 dxe4 4.
Nxe4 Nf6 5. Bg2 Nxe4 6. Bxe4 Nd7 7. Ne2 Nf6 8. Bg2 e5 9. O-O Bc5 10. d3 O-O 11. Nc3 h6 12. Ne4 Nxe4 13. dxe4 Qb6 14. Qe2 Be6 15. a3 Rad8 16. b4 Bd4 17. Be3 Bxe3 18.
fxe3 Rd7 19. Rad1 Rfd8 20. Rxd7 Rxd7 21. Kf2 a5 22. c3 axb4 23. axb4 Qa7 24. Rd1 Bc4 25. Qc2 Rxd1 26. Qxd1 Qa2+ 27. Kg1 Qb2 28. Qe1 Bd3 29. Bf3 Qc2 30. h4 Bxe4 31. Bxe4 Qxe4 32. Qd2 Qd5 33. Qf2 Qd3 34. Qe1 f5 35. Kf2 b5 36.
Qc1 Kh7 37. Qb2 e4 38. Qc1 Kg6 39. Kg2 Qe2+ 40. Kh3 Kh5 41. Qg1 g5 42. hxg5 hxg5 43. g4+ fxg4+ 44. Kg3 Qf3+ 0-1

[Event "Early-Titled-Tuesday-Blitz-February-13-2024"]
[Site "Chess.com"]
[Date "2024.02.13"]
[Round "7"]
[White "Der_Balak_3Halak"]
[Black "Harry_Rakkel"]
[Result "0-1"]
[WhiteElo "2443"]
[BlackElo "2677"]
[TimeControl "180+1"]
[EndTime "9:19:19 PST"]
[Termination "Harry_Rakkel won by resignation"]

1. Nf3 Nf6 2. g3 d5 3. Bg2 c6 4. O-O Bf5 5. d4 e6 6. Bf4 Nbd7 7. Nbd2 Be7 8. Re1 O-O 9. Ne5 h6 10. c3 a5 11. a4 Bh7 12. Qb3 Qb6 13. Nxd7 Nxd7 14.
Qxb6 Nxb6 15. e4 Rfc8 16. b3 Kf8 17. Rac1 c5 18. dxc5 Bxc5 19. c4 Ba3 20. Ra1 Bb4 21. exd5 exd5 22. cxd5 Nd7 23. Nc4 Bxe1 24. Rxe1 Re8 25.
Rd1 Bc2 26. Rc1 Bxb3 27. Nd6 Re2 28. Nxb7 Bxa4 29. d6 Rae8 30. Bh1 Re1+ 31. Kg2 Rxc1 32. Bxc1 Bc6+ 0-1

[Event "Early-Titled-Tuesday-Blitz-February-13-2024"]
[Site "Chess.com"]
[Date "2024.02.13"]
[Round "7"]
[White "JonasEilenberg"]
[Black "MatthewG-p4p"]
[Result "0-1"]
[WhiteElo "2594"]
[BlackElo "2820"]
[TimeControl "180+1"]
[EndTime "9:19:20 PST"]
[Termination "MatthewG-p4p won by resignation"]

1. d4 Nf6 2. c4 c5 3. d5 e6 4.
Nc3 exd5 5. cxd5 d6 6. e4 g6 7. Bd3 Bg7 8. h3 O-O 9. Nf3 Nbd7 10. O-O Re8 11. Bf4 c4 12. Bc2 Nc5 13. Re1 b5 14. a3 Qb6 15. Nd4 Bd7 16. e5 Nh5 17.
e6 Nxf4 18. exd7 Nxd7 19. Nc6 Ne5 20. Be4 Ned3 21. Re3 Nxb2 22. Qf3 Nbd3 23. Bxd3 Nxd3 24. Rxd3 cxd3 25. Qxd3 Qc5 26. Rc1 Qxa3 27. Rc2 b4 0-1

[Event "Early-Titled-Tuesday-Blitz-February-13-2024"]
[Site "Chess.com"]
[Date "2024.02.13"]
[Round "7"]
[White "Zhigalko_Sergei"]
[Black "Kildepiotr"]
[Result "1-0"]
[WhiteElo "2951"]
[BlackElo "2693"]
[TimeControl "180+1"]
[EndTime "9:19:24 PST"]
[Termination "Zhigalko_Sergei won by resignation"]

1. e4 e6 2. d4 d5 3. e5 c5 4. c3 Nc6 5. Nf3 Bd7 6. Be2 Nge7 7.
Na3 cxd4 8. cxd4 Nb4 9. Nb5 Bxb5 10. Bxb5+ Nbc6 11. O-O a6 12. Bd3 Ng6 13. Be3 Be7 14. Rc1 O-O 15. g3 Qb6 16. Qe2 Rfc8 17. h4 Nf8 18.
Kg2 Nb4 19. Bb1 Qb5 20. Qd2 Nc6 21. h5 Na5 22. b3 Ba3 23. Rc2 Rxc2 24. Qxc2 Nc6 25.
Ng5 Nb4 26. Qc7 Qd7 27. Bxh7+ Kh8 28. Qa5 Nc2 29. Bxc2 1-0

[Event "Early-Titled-Tuesday-Blitz-February-13-2024"]
[Site "Chess.com"]
[Date "2024.02.13"]
[Round "7"]
[White "crazy_m_attack"]
[Black "bazar-wokzal"]
[Result "0-1"]
[WhiteElo "2471"]
[BlackElo "2672"]
[TimeControl "180+1"]
[EndTime "9:19:26 PST"]
[Termination "bazar-wokzal won by resignation"]

1. e4 Nc6 2. Nf3 d5 3. exd5 Qxd5 4. Nc3 Qa5 5. d4 Bg4 6. Bd2 O-O-O 7. d5 Nb4 8. Bc4 Bxf3 9. gxf3 Nf6 10. a3 Qc5 11.
Bb3 Nbxd5 12. Nxd5 Nxd5 13. Qe2 e6 14. O-O-O Be7 15.
Bxd5 Rxd5 16. Bc3 Rhd8 17. Rxd5 Qxd5 18. Kb1 Bf6 19. Bxf6 gxf6 20. Rg1 h5 21. f4 b6 22. Qa6+ Qb7 23. Qe2 Qd5 24. Qa6+ Kb8 25. Qe2 Kb7 26. b3 a5 27. a4 Qf5 28. Qf3+ Qd5 29. Qc3 e5 30.
fxe5 fxe5 31. Rg5 f6 32. Rxh5 Qd1+ 0-1

[Event "Early-Titled-Tuesday-Blitz-February-13-2024"]
[Site "Chess.com"]
[Date "2024.02.13"]
[Round "7"]
[White "WindWhistler11"]
[Black "chessdjw"]
[Result "0-1"]
[WhiteElo "2496"]
[BlackElo "2745"]
[TimeControl "180+1"]
[EndTime "9:19:27 PST"]
[Termination "chessdjw won by checkmate"]

1. c4 e5 2. Nc3 Bb4 3. Nf3 Bxc3 4. dxc3 d6 5. c5 Nf6 6. cxd6 cxd6 7. e4 O-O 8. Bg5 h6 9. Bh4 g5 10. Bg3 Nxe4 11. Qc2 Nxg3 12. hxg3 Qf6 13. O-O-O Nc6 14. Bd3 d5 15. Bh7+ Kg7 16. Rxd5 Be6 17. Rd6 Nb4 18. Qe4 Nxa2+ 19. Kb1 Rac8 20. Nxe5 Nxc3+ 21. bxc3 Rxc3 22. f4 Ba2+ 23. Kb2 Qxd6 24. Kxc3 Rc8+ 25. Kb2 Qd2+ 26. Ka1 Bd5 27. Qb1 Qa5+ 28. Kb2 Qc3# 0-1

[Event "Early-Titled-Tuesday-Blitz-February-13-2024"]
[Site "Chess.com"]
[Date "2024.02.13"]
[Round "7"]
[White "Gzucaritas"]
[Black "Viktor_Poddubnyi"]
[Result "0-1"]
[WhiteElo "2071"]
[BlackElo "2271"]
[TimeControl "180+1"]
[EndTime "9:19:28 PST"]
[Termination "Viktor_Poddubnyi won on time"]

1. e4 g6 2. d4 Bg7 3. Nc3 d6 4. Be3 a6 5. Qd2 b5 6. O-O-O Bb7 7. f3 Nd7 8. Kb1 Nb6 9. Re1 b4 10. Nd1 a5 11. d5 c6 12. Bd4 Nf6 13. dxc6 Bxc6 14.
Qe3 Nbd7 15. g4 e5 16. g5 Nh5 17. Ne2 O-O 18. f4 exd4 19. Nxd4 Qb6 20. Nxc6 Qxc6 21. f5 Be5 22. Be2 Rac8 23. Bd3 Nf4 0-1

[Event "Early-Titled-Tuesday-Blitz-February-13-2024"]
[Site "Chess.com"]
[Date "2024.02.13"]
[Round "7"]
[White "dianamirza"]
[Black "carloseduar100"]
[Result "0-1"]
[WhiteElo "1968"]
[BlackElo "2350"]
[TimeControl "180+1"]
[EndTime "9:19:29 PST"]
[Termination "carloseduar100 won by resignation"]

1. d4 d5 2. Nf3 c6 3. e3 Nf6 4.
Bd3 g6 5. b3 Bg7 6. Bb2 O-O 7.
Nbd2 Nbd7 8. Ne5 Re8 9. f4 Nf8 10. O-O N6d7 11. g4 f6 12. Nxd7 Bxd7 13. e4 e5 14. exd5 exd4 15. Bxd4 cxd5 16. Qf3 Bc6 17. Rae1 Qd6 18. f5 g5 19. Re3 Nd7 20. Rfe1 Ne5 21. Qg3 h6 22. h4 Rad8 23. hxg5 hxg5 24. Nf3 Nxf3+ 25. Qxf3 Re4 26. Bxe4 dxe4 27. Qd1 Qxd4 28. Qxd4 Rxd4 29. Kf2 Bf8 30. c3 Rd7 31. b4 a5 32.
a3 axb4 33. axb4 Bd6 34. Rh1 Bf4 35. Reh3 e3+ 36. Ke2 Bxh1 37. Rxh1 Rd2+ 38. Ke1 0-1

[Event "Early-Titled-Tuesday-Blitz-February-13-2024"]
[Site "Chess.com"]
[Date "2024.02.13"]
[Round "7"]
[White "Durarbayli"]
[Black "chess123456s"]
[Result "1-0"]
[WhiteElo "2912"]
[BlackElo "2616"]
[TimeControl "180+1"]
[EndTime "9:19:31 PST"]
[Termination "Durarbayli won by resignation"]

1. e4 e5 2. Nf3 Nc6 3. d4 exd4 4. Nxd4 Nf6 5. Nxc6 bxc6 6. e5 Qe7 7. Qe2 Nd5 8.
h4 a5 9. c4 Ba6 10. Rh3 f6 11.
exf6 Qxe2+ 12. Bxe2 Nxf6 13. Nc3 Kf7 14. Bf4 Bb4 15.
O-O-O d6 16. a3 Bxc3 17. Rxc3 Rhe8 18. Bf3 Ne4 19. Re3 Nc5 20. Bxc6 Rxe3 21. Bxe3 Bb7 22.
Bxb7 Nxb7 23. b3 Re8 24. Kc2 Re4 25. g3 a4 26. Kd3 Re5 27. b4 Nd8 28. Kc3 Ne6 29. Rd5 Kf6 30. Ra5 Kf5 31. Rxa4 Kg4 32. Ra5 Re4 33. Rd5 Kf3 34. a4 Nd8 35. a5 Nc6 36. a6 Re8 37. b5 Ne5 38. c5 Rb8 39. cxd6 cxd6 40. a7 Ra8 41. b6 Nd7 42. Rxd6 Nxb6 43.
Bxb6 1-0

[Event "Early-Titled-Tuesday-Blitz-February-13-2024"]
[Site "Chess.com"]
[Date "2024.02.13"]
[Round "7"]
[White "SirGerhard"]
[Black "AttackSparrow"]
[Result "1-0"]
[WhiteElo "2805"]
[BlackElo "2618"]
[TimeControl "180+1"]
[EndTime "9:19:34 PST"]
[Termination "SirGerhard won on time"]

1. d4 d5 2. c4 e6 3. Nf3 Nf6 4.
Nc3 Bb4 5. Qa4+ Nc6 6. e3 O-O 7. Bd2 Re8 8. a3 Bf8 9. Rd1 Bd7 10. Qc2 h6 11. Be2 dxc4 12. Bxc4 e5 13. dxe5 Nxe5 14. Nxe5 Rxe5 15. O-O Bd6 16. f4 Rc5 17.
Bd3 Rc6 18. h3 Nd5 19. e4 Nxc3 20. Bxc3 Qh4 21. e5 Bc5+ 22. Kh2 Be6 23. Qe2 Re8 24. Bb5 Bf5 25. Bxc6 bxc6 26. Qf3 Re6 27. Be1 Qe7 28.
Bf2 Bc2 29. Bxc5 Qxc5 30. Rc1 Qc4 31. Rf2 1-0

[Event "Early-Titled-Tuesday-Blitz-February-13-2024"]
[Site "Chess.com"]
[Date "2024.02.13"]
[Round "7"]
[White "Aslanov_Umid"]
[Black "Yaacovn"]
[Result "0-1"]
[WhiteElo "2682"]
[BlackElo "2927"]
[TimeControl "180+1"]
[EndTime "9:19:36 PST"]
[Termination "Yaacovn won by checkmate"]

1. e4 c6 2. d4 d5 3. Nd2 dxe4 4. Nxe4 Nf6 5. Nxf6+ gxf6 6. c3 Qd5 7. Qf3 Bf5 8.
Qxd5 cxd5 9. Nf3 Nc6 10. Bb5 a6 11. Ba4 e6 12. Bf4 Kd7 13. Rc1 Be4 14. Ke2 Bd6 15.
Bxd6 Kxd6 16. Nd2 Bxg2 17. Rhg1 Rhg8 18. Bc2 Rg7 19. Nb3 Rag8 20. Ke3 b6 21. Bd3 a5 22. c4 dxc4 23. Bxc4 Bd5 24. Rxg7 Rxg7 25. Nd2 Rg4 26.
Be2 Rh4 27. Nc4+ Bxc4 28. Rxc4 Nb4 29. a3 Nd5+ 30. Kf3 Rh3+ 31. Kg2 Nf4+ 32. Kf1 Rxh2 33. Bf3 Rh3 34. Ba8 Kd7 35. Bc6+ Ke7 36. b4 Rxa3 37.
f3 axb4 38. Kf2 b3 39. Kg3 b2 40. Rb4 Nd3 41. Rxb6 Ra1 42. Be4 b1=Q 43. Rxb1 Rxb1 44. Bxd3 Rd1 45. Bxh7 Rxd4 46. Be4 f5 47. Bc2 Kf6 48. f4 Rb4 49. Bd1 Rb2 50. Kf3 Ra2 51.
Kg3 Ra3+ 52. Kf2 Ke7 53. Be2 f6 54. Bc4 e5 55. fxe5 fxe5 56. Bd5 Kf6 57. Bg2 e4 58.
Kg1 Ke5 59. Kh2 f4 60. Bh3 f3 61. Bf1 Kf4 62. Kg1 e3 63. Kh1 Ra1 64. Kh2 Rxf1 65. Kh3 Rh1# 0-1

[Event "Early-Titled-Tuesday-Blitz-February-13-2024"]
[Site "Chess.com"]
[Date "2024.02.13"]
[Round "7"]
[White "marsofsilva"]
[Black "verrbaa"]
[Result "0-1"]
[WhiteElo "2135"]
[BlackElo "2482"]
[TimeControl "180+1"]
[EndTime "9:19:36 PST"]
[Termination "verrbaa won by resignation"]

1. e4 e5 2. Nf3 Nc6 3. Bc4 Nf6 4. Ng5 d5 5. exd5 Na5 6. Bb5+ c6 7. dxc6 bxc6 8.
Bd3 Nd5 9. Nf3 Bd6 10. O-O O-O 11. Re1 Qc7 12. c4 Nf4 13. Bf1 Bg4 14. d4 exd4 15. Qxd4 Bxf3 16. gxf3 Ne6 17. Qh4 Nb7 18. Nc3 Rae8 19.
Bd3 f5 20. Bd2 Nbc5 21. Bf1 a5 22. a3 Nb3 23. Rad1 Nxd2 24. Rxd2 Rf6 25. c5 Bf4 26. Rde2 Rh6 27. Rxe6 Rexe6 28. Rxe6 Rxh4 29. h3 Be5 30. Bc4 Rxc4 0-1

[Event "Early-Titled-Tuesday-Blitz-February-13-2024"]
[Site "Chess.com"]
[Date "2024.02.13"]
[Round "7"]
[White "eagleclaw07"]
[Black "Kostya0705"]
[Result "1-0"]
[WhiteElo "2805"]
[BlackElo "2614"]
[TimeControl "180+1"]
[EndTime "9:19:37 PST"]
[Termination "eagleclaw07 won by resignation"]

1. d4 Nf6 2. c4 e6 3. Nf3 d5 4. g3 Bb4+ 5. Bd2 a5 6. Bg2 O-O 7. Qc2 Be7 8. O-O c6 9. Bf4 b6 10. Ne5 Nh5 11. Be3 Bb7 12. Nc3 f6 13. Nf3 f5 14. cxd5 cxd5 15. Ne5 Nd7 16. Nb5 Nxe5 17.
dxe5 Rc8 18. Qb3 f4 19. Bd4 Ba6 20. g4 Rc4 21. Rfd1 Rb4 22. Qf3 Bxb5 23. gxh5 Bc5 24. Bc3 Qg5 25. Bxb4 axb4 26. Kh1 Qxe5 27. Rd2 Rf5 28.
Bh3 Rxh5 29. Bxe6+ Qxe6 30. Qxh5 Bc6 31. f3 Be3 32. Rc2 g6 33. Qg5 Bd7 34. Rc7 1-0

[Event "Early-Titled-Tuesday-Blitz-February-13-2024"]
[Site "Chess.com"]
[Date "2024.02.13"]
[Round "7"]
[White "Crazy_girl99"]
[Black "GrumbleBruno"]
[Result "1-0"]
[WhiteElo "2597"]
[BlackElo "2463"]
[TimeControl "180+1"]
[EndTime "9:19:37 PST"]
[Termination "Crazy_girl99 won by resignation"]

1. e4 e5 2. Nf3 d5 3. Nxe5 Bd6 4. d4 dxe4 5. Nc3 Bxe5 6. dxe5 Qxd1+ 7. Nxd1 Nc6 8. Bf4 Nge7 9. Bb5 Bd7 10. Nc3 O-O-O 11. O-O-O Ng6 12. Bg5 Rde8 13. Rhe1 Rxe5 14. Be3 f5 15.
Bxa7 Rxb5 16. Nxb5 b6 17. Nxc7 Nxa7 18. Nd5 Be6 19.
Nxb6+ Kc7 20. Nd5+ Kc6 21. Nb4+ Kc7 22. a3 Nc6 23. Nxc6 Kxc6 24. f3 Bd5 25. c4 Bxc4 26. fxe4 f4 27. e5 Re8 28. Rd6+ Kc7 29. Rd4 Be6 30. b4 Ra8 31. Kb2 Re8 32. a4 Rb8 33. b5 Ne7 34. Rc1+ Kb7 35. Rd6 Bf5 36. a5 1-0

[Event "Early-Titled-Tuesday-Blitz-February-13-2024"]
[Site "Chess.com"]
[Date "2024.02.13"]
[Round "7"]
[White "RantomOpening"]
[Black "Roman_Ovetchkin"]
[Result "1-0"]
[WhiteElo "2491"]
[BlackElo "2614"]
[TimeControl "180+1"]
[EndTime "9:19:38 PST"]
[Termination "RantomOpening won on time"]

1. c4 Nf6 2. Nf3 g6 3. Nc3 Bg7 4. e4 d6 5. d4 O-O 6. Be2 e5 7. Be3 Ng4 8. Bg5 f6 9. Bc1 Nc6 10. h3 Nh6 11. dxe5 dxe5 12. Be3 Nf7 13. O-O Be6 14. Nd5 Re8 15. b4 Qc8 16. b5 Ncd8 17. c5 c6 18. Nc3 f5 19. exf5 gxf5 20. Ng5 Nxg5 21. Bxg5 Nf7 22. Bc1 e4 23. Bb2 cxb5 24.
Bxb5 Qxc5 25. Bxe8 Rxe8 26. Rc1 Qb4 27. Ba1 Rd8 28.
Qh5 Rd3 29. Ne2 Bxa1 30. Rxa1 Qd6 31. Qh4 Qd8 32. Qh5 Qg5 33. Qxg5+ Nxg5 34. Nf4 Ra3 35.
h4 1-0

[Event "Early-Titled-Tuesday-Blitz-February-13-2024"]
[Site "Chess.com"]
[Date "2024.02.13"]
[Round "7"]
[White "Slovineanu"]
[Black "David_George21"]
[Result "0-1"]
[WhiteElo "2396"]
[BlackElo "2256"]
[TimeControl "180+1"]
[EndTime "9:19:38 PST"]
[Termination "David_George21 won on time"]

1. d4 Nf6 2. Nf3 e6 3. c4 b6 4. e3 Bb7 5. Bd3 Bb4+ 6. Nbd2 Qe7 7. a3 Bxd2+ 8. Bxd2 O-O 9. O-O d6 10. b4 Nbd7 11.
Bc3 e5 12. Nd2 e4 13. Be2 d5 14. a4 a5 15. bxa5 bxa5 16. Rb1 Ba6 17. Bxa5 c5 18.
Bc3 dxc4 19. dxc5 Nxc5 20. Bxf6 Qxf6 21. Nxc4 Bxc4 22. Bxc4 Nxa4 23. Ra1 Nb6 24. Bb3 Rad8 25. Qg4 Rd3 26. Bc2 Rd2 27. Bxe4 Rxf2 28. Rxf2 Qxa1+ 29. Rf1 Qc3 30. Qf4 Nc4 31. Bd5 Qxe3+ 32. Qxe3 Nxe3 0-1

[Event "Early-Titled-Tuesday-Blitz-February-13-2024"]
[Site "Chess.com"]
[Date "2024.02.13"]
[Round "7"]
[White "Alblooshi_Hamad"]
[Black "Attacker_2006"]
[Result "1-0"]
[WhiteElo "2255"]
[BlackElo "2477"]
[TimeControl "180+1"]
[EndTime "9:19:40 PST"]
[Termination "Alblooshi_Hamad won on time"]

1. d4 d5 2. c4 e6 3. Nc3 Nf6 4.
cxd5 exd5 5. Bg5 Bb4 6. e3 Nbd7 7. Bd3 c5 8. Ne2 Qa5 9. O-O c4 10. Bc2 Ne4 11. Bxe4 dxe4 12. Nxe4 O-O 13. Bf4 b5 14. a3 Be7 15. N2c3 Bb7 16. Qg4 f5 17. Qh3 Qd8 18. Nd6 Bxd6 19. Bxd6 Rf6 20. Bf4 Rg6 21. f3 Qf8 22. e4 b4 23. axb4 Qxb4 24. Qxf5 Qxb2 25. Ra2 Rxg2+ 26. Kh1 Qxc3 27. Rxg2 1-0

[Event "Early-Titled-Tuesday-Blitz-February-13-2024"]
[Site "Chess.com"]
[Date "2024.02.13"]
[Round "7"]
[White "ChristianArca"]
[Black "Levanzovsky"]
[Result "1-0"]
[WhiteElo "2728"]
[BlackElo "2516"]
[TimeControl "180+1"]
[EndTime "9:19:41 PST"]
[Termination "ChristianArca won by resignation"]

1. d4 Nf6 2. Bf4 d6 3. Nc3 Nbd7 4. Nf3 c6 5. e4 Qa5 6. Bd3 e5 7. Bd2 Qc7 8. a4 Be7 9. O-O O-O 10. h3 Re8 11. Re1 b6 12. Ne2 a6 13. c3 Bb7 14.
Ng3 Bf8 15. Qb3 d5 16. exd5 cxd5 17. dxe5 Nxe5 18. Rxe5 Rxe5 19. Nxe5 Qxe5 20. Qxb6 Bc8 21. Re1 Qb8 22. Qxb8 Rxb8 23. b4 d4 24. cxd4 Bxb4 25.
Rb1 a5 26. Bc4 Bd7 27. Bxb4 axb4 28. a5 Kf8 29. f3 Ke7 30. Nf1 Ra8 31. a6 Bc8 32. Ne3 Bxa6 33. Rxb4 Bxc4 34. Rxc4 Kd7 35. Rb4 Ra7 36. Nf5 g6 37. Ne3 Kc6 38. Rc4+ Kd6 39. Rc5 Ra4 40. Nc4+ Ke7 41. Rc7+ Kf8 42. Ne5 Rxd4 43.
Rxf7+ Ke8 44. Rxf6 Ke7 45. Rf7+ Ke6 46. f4 1-0

[Event "Early-Titled-Tuesday-Blitz-February-13-2024"]
[Site "Chess.com"]
[Date "2024.02.13"]
[Round "7"]
[White "bitter-cikolata"]
[Black "Witik"]
[Result "1-0"]
[WhiteElo "2510"]
[BlackElo "2678"]
[TimeControl "180+1"]
[EndTime "9:19:41 PST"]
[Termination "bitter-cikolata won by resignation"]

1. e4 c6 2. d4 d5 3. f3 dxe4 4. fxe4 e5 5. Nf3 Bg4 6. Bc4 Nd7 7. c3 Bh5 8. O-O Ngf6 9. Bg5 Be7 10. Nbd2 O-O 11. Qe1 b5 12. Bb3 Ng4 13. Qh4 Bxg5 14. Nxg5 h6 15. Qxh5 Qxg5 16. Bxf7+ Kh8 17. Qxg5 hxg5 18. Be6 Ngf6 19. Nf3 g4 20. Nxe5 Nxe5 21. dxe5 Nxe4 22. Bxg4 Rfe8 23. e6 Rad8 24. Rae1 Nf6 25. e7 Rb8 26. Rxf6 gxf6 27. Bd7 Kg7 28. Bxc6 Kf7 29.
Bxe8+ Rxe8 30. Kf2 1-0

[Event "Early-Titled-Tuesday-Blitz-February-13-2024"]
[Site "Chess.com"]
[Date "2024.02.13"]
[Round "7"]
[White "sewlins"]
[Black "Matols"]
[Result "0-1"]
[WhiteElo "2124"]
[BlackElo "2399"]
[TimeControl "180+1"]
[EndTime "9:19:43 PST"]
[Termination "Matols won by resignation"]

1. Nf3 d5 2. g3 Nf6 3. Bg2 e6 4. c4 Be7 5. O-O O-O 6. b3 c5 7. Bb2 Nc6 8. cxd5 Nxd5 9. d4 cxd4 10. Nxd4 Nxd4 11. Qxd4 Bf6 12. Qd2 Bxb2 13. Qxb2 Bd7 14. Na3 Bc6 15. Nc4 Nb4 16. Rfd1 Qc7 17. e4 Rfd8 18. Qe2 Rxd1+ 19. Rxd1 Rd8 20. a3 Na6 21. h4 h6 22. Rxd8+ Qxd8 23. Ne5 Be8 24. b4 Qd4 25. Ng4 Qa1+ 26. Kh2 Qxa3 27. b5 Nc5 28. e5 Qb4 29.
Qd2 Qxd2 0-1

[Event "Early-Titled-Tuesday-Blitz-February-13-2024"]
[Site "Chess.com"]
[Date "2024.02.13"]
[Round "7"]
[White "maurovargas01"]
[Black "hsd2016"]
[Result "0-1"]
[WhiteElo "1889"]
[BlackElo "2334"]
[TimeControl "180+1"]
[EndTime "9:19:43 PST"]
[Termination "hsd2016 won by checkmate"]

1. e4 c5 2. Nc3 e6 3. f4 d5 4. e5 Nc6 5. Bb5 Bd7 6. Bxc6 Bxc6 7. d3 d4 8. Ne4 f5 9. exf6 Nxf6 10. Nxf6+ Qxf6 11. Nf3 Bd6 12. g3 O-O-O 13. O-O Rhf8 14.
Qe1 h6 15. Bd2 Qg6 16. Ne5 Bxe5 17. Qxe5 Rd5 18. Qe2 Rdf5 19. Rae1 Kd7 20. b4 h5 21. bxc5 h4 22. Qf2 Rh5 23. Qxd4+ Kc8 24. Qd6 Rf6 25. Bc3 hxg3 26. Re2 gxh2+ 27. Kf2 Qg2+ 28. Ke1 Qxf1+ 29. Kxf1 h1=Q+ 30. Kf2 Rh2+ 31. Ke3 Qf3+ 32. Kd4 Rxf4+ 33. Ke5 Rxe2# 0-1

[Event "Early-Titled-Tuesday-Blitz-February-13-2024"]
[Site "Chess.com"]
[Date "2024.02.13"]
[Round "7"]
[White "colegiodemadrid"]
[Black "mr_gustavo"]
[Result "1-0"]
[WhiteElo "2559"]
[BlackElo "2729"]
[TimeControl "180+1"]
[EndTime "9:19:44 PST"]
[Termination "colegiodemadrid won by resignation"]

1. e4 e6 2. d4 d5 3. e5 c5 4. c3 Bd7 5. Nf3 a6 6. a4 cxd4 7. Nxd4 Nc6 8. Nxc6 Bxc6 9. Be3 Ne7 10.
Nd2 Ng6 11. Nf3 Be7 12. Bd3 Qc7 13. Bd4 O-O 14. O-O b6 15. a5 bxa5 16. Re1 Rab8 17. Qd2 a4 18. Bxa6 Rfe8 19. Bd3 Nf8 20. h4 h6 21. Nh2 Bxh4 22. Ng4 Bg5 23. f4 Be7 24. Qe3 Rxb2 25. Qg3 Kh8 26. f5 exf5 27. Nxh6 Bc5 28. Nxf5 Bxd4+ 29. cxd4 Ng6 30. Nd6 Re6 31. Rf1 Be8 32.
Bf5 Re7 33. Bxg6 Qa7 34. Qh4+ 1-0

[Event "Early-Titled-Tuesday-Blitz-February-13-2024"]
[Site "Chess.com"]
[Date "2024.02.13"]
[Round "7"]
[White "Dewarfd"]
[Black "UK_23"]
[Result "0-1"]
[WhiteElo "2164"]
[BlackElo "2365"]
[TimeControl "180+1"]
[EndTime "9:19:44 PST"]
[Termination "UK_23 won on time"]

1. d4 d5 2. e3 Nf6 3. Nf3 c6 4.
c4 Bf5 5. Bd3 Bxd3 6. Qxd3 e6 7.
O-O Be7 8. b3 O-O 9. Ba3 a5 10.
Bxe7 Qxe7 11. Nc3 Nbd7 12. e4 dxe4 13. Nxe4 Nxe4 14. Qxe4 Rad8 15. Rfe1 Rfe8 16. a3 Nf6 17. Qe5 Qd6 18. Qxa5 h6 19. Qb4 Qc7 20. a4 Rd7 21. h3 Red8 22. a5 Nh5 23. Re4 Nf6 24. Re2 Ra8 25. Rea2 Ra6 26. Qe1 Rd8 27. b4 Raa8 28. Qe5 Qe7 29. b5 cxb5 30. cxb5 Rd5 31. Qe2 Qb4 32. a6 Qxb5 33. axb7 Rxa2 34. Rxa2 Qxb7 35.
Rb2 Qc7 36. Qc2 Qxc2 37. Rxc2 g6 38. Rc7 Kg7 39. g3 Rd7 40. Rc8 Ne4 41. Kg2 h5 42. Ne5 Rxd4 43. Rc7 Nd6 0-1